 Dungeon Crawl Stone Soup version 0.24-a0-378-g94936e5 (webtiles) character file.

Game seed: 9892257798586430017

43 Deathlysoul the Shield-Bearer (level 3, -8/33 HPs)
             Began as a Minotaur Fighter on June 2, 2019.
             Killed by divine providence
             ... invoked by an orc priest
              (15 damage)
             ... on level 2 of the Dungeon.
             The game lasted 00:01:42 (899 turns).

Deathlysoul the Shield-Bearer (Minotaur Fighter)     Turns: 899, Time: 00:01:42

Health: -8/33      AC:  7    Str: 21    XL:     3   Next: 37%
Magic:  2/2        EV:  7    Int:  5    God:
Gold:   66         SH:  9    Dex:  9    Spells: 2/2 levels left

rFire    . . .     SeeInvis .   a - +0 long sword
rCold    . . .     Gourm    .   c - +0 shield
rNeg     . . .     Faith    .   b - +0 scale mail
rPois    .         Spirit   .   (helmet restricted)
rElec    .         Reflect  .   (no cloak)
rCorr    .         Harm     .   (no gloves)
MR       .....                  (no boots)
Stlth    ..........             (no amulet)
HPRegen  0.11/turn              (no ring)
MPRegen  0.08/turn              (no ring)

@: no status effects
A: retaliatory headbutt, horns 2
a: no special abilities


You were on level 2 of the Dungeon.
You were not hungry.

You visited 1 branch of the dungeon, and saw 2 of its levels.

You collected 66 gold pieces.

Inventory:

Hand Weapons
 a - a +0 long sword (weapon)
Armour
 b - a +0 scale mail (worn)
 c - a +0 shield (worn)
Wands
 r - a wand of digging (3)
Scrolls
 g - 4 scrolls of identify {unknown}
 j - 4 scrolls of remove curse {unknown}
 k - a scroll of teleportation {unknown}
 l - a scroll of magic mapping {unknown}
 n - a scroll of random uselessness {unknown}
 o - a scroll of fear {unknown}
 p - a scroll of enchant weapon {unknown}
Potions
 d - a potion of might
 e - a potion of degeneration {unknown}
 i - a potion of mutation {unknown}
 m - a potion of curing {unknown}
 q - a potion of cancellation {unknown}
Comestibles
 f - 9 rations
 h - 6 chunks of flesh


   Skills:
 * Level 4.1 Fighting
 * Level 3.1 Long Blades
 * Level 4.1 Armour
 * Level 4.2 Shields


You had 2 spell levels left.
You didn't know any spells.
Your spell library was empty.

Dungeon Overview and Level Annotations

Branches:
Dungeon (2/15)

Altars:


Innate Abilities, Weirdness & Mutations

You reflexively headbutt those who attack you in melee.
You have a pair of horns on your head.


Message History

The jackal bites you but does no damage.
The jackal bites you but does no damage.
The jackal closely misses you. The jackal bites you.
* * * LOW HITPOINT WARNING * * *
You see here a +0 dagger.
The jackal bites you but does no damage.
You are too injured to fight recklessly!
You are too injured to fight recklessly!
You are too injured to fight recklessly!
You are too injured to fight recklessly!
You are too injured to fight recklessly!
Unknown command.
You block the jackal's attack.
The jackal bites you but does no damage.
The jackal barely misses you. You block the jackal's attack.
The jackal bites you but does no damage.
You block the jackal's attack. The jackal barely misses you.
The orc priest invokes the aid of Beogh against you.
Beogh smites you!
You die...

#.# #...########o.......
#.# #..##h.o...†........
#.# #..†..########l.....
#.###### ##.##### ......
.......###..# ....!
.......##..## ####....
.......##.## #... ....
.......#..# #######..#.
??. .........##
#.@<....... ##.[...###
#.h........ ##....##
#hg.......#
).[##..########o.........
.......)..l.g.g......####
##>##....................
#............#......###.
....##...............#
###. #......>.......##


You could see an orc priest, 2 jackals, a hobgoblin and a goblin.

Vanquished Creatures
  An adder (D:2)
  An ooze (D:1)
  6 goblins
  5 hobgoblins
  6 bats
  A frilled lizard (D:1)
  5 kobolds
  3 rats (D:1)
28 creatures vanquished.

Notes
Turn   | Place    | Note
-------+----------+-------------------------------------------
     0 | D:1      | Deathlysoul the Minotaur Fighter began the quest for the
                  | Orb.
     0 | D:1      | Reached XP level 1. HP: 19/19 MP: 0/0
   225 | D:1      | Reached XP level 2. HP: 27/27 MP: 1/1
   785 | D:2      | Reached XP level 3. HP: 33/33 MP: 2/2
   899 | D:2      | Killed from afar by an orc priest

Levels and vault maps discovered:
D:1:      wander_arrival_desolate, layout_loops_ring
D:2:      layout_rooms, lemuel_crystal_altar, chequers_ecumenical_altar_island,
          first_ration

Skill      XL: |  1  2 |
---------------+-------+-----
Armour         | 4 |  4.1
Shields        | 4 |  4.2
Fighting       | 4 |  4.1
Long Blades    | 3 |  3.1

Action                   || total
-------------------------++-------
Melee: Long sword        ||    66
       Headbutt          ||    10
Armor: Scale mail        ||    61
Dodge: Dodged            ||    40
Block: Shield            ||    50
       Rpst.: Long sword ||    12

Table legend:
 A = Non-vault XP
 B = Vault XP
 C = Vault XP percentage of total XP
 D = Non-vault monster count
 E = Vault monster count
 F = Vault count percentage of total count
                 A         B        C        D         E       F
            +---------+---------+-------+---------+---------+-------
      Total |      62 |       0 |   0.0 |      28 |       0 |   0.0
            +---------+---------+-------+---------+---------+-------
        D:1 |      36 |       0 |   0.0 |      20 |       0 |   0.0
        D:2 |      26 |       0 |   0.0 |       8 |       0 |   0.0
            +---------+---------+-------+---------+---------+-------
